 Dungeon Crawl Stone Soup version 0.29.1-2-gbd0b4ee654 (webtiles) character file.

Game seed: 15457945310913512214

7931 zeram the Blocker (level 11, -1/89 HPs)
             Began as a Gnoll Fighter on Nov 13, 2022.
             Was an Initiate of Gozag.
             Killed from afar by Lodul (20 damage)
             ... with a bolt of lightning
             ... on level 10 of the Dungeon.
             The game lasted 00:26:50 (9362 turns).

zeram the Blocker (Gnoll Fighter)                   Turns: 9362, Time: 00:26:53

Health: -1/89      AC: 16    Str: 17    XL:     11   Next: 22%
Magic:  29/29      EV: 14    Int: 11    God:    Gozag
Gold:   634        SH: 16    Dex: 11    Spells: 22/22 levels left

rFire   + . .      SeeInvis +   m - +3 demon blade (drain)
rCold   + . .      Faith    .   v - +0 kite shield
rNeg    . . .      Spirit   .   b - +0 scale mail
rPois   .          Reflect  +   i - +0 helmet
rElec   .          Harm     .   n - +0 cloak
rCorr   .          Rampage  .   h - +1 pair of gloves of Quantum Leap {*Slow rC+ Will+ Regen+}
Will    ++++.                   o - +1 pair of boots
Stlth   ++........              t - amulet of reflection
HPRegen 1.04/turn               u - ring of Sajywk {rF+ SInv}
MPRegen 0.21/turn               x - ring "Uthu Anov" {Will+++ MP+9 EV+4}

@: gold aura, studying Shields
A: fangs 1, strong nose, distributed training
a: Renounce Religion, Potion Petition, Call Merchant, Bribe Branch


You were on level 10 of the Dungeon.
You worshipped Gozag.
Gozag was pleased with you.
You visited 2 branches of the dungeon, and saw 11 of its levels.

You collected 1389 gold pieces.
You spent 649 gold pieces at shops.
You paid 106 gold pieces to Gozag.

Inventory:

Hand Weapons
 j - the +2 rapier of Action {vorpal, rElec rN+++ Str-3 Stlth-}
   (You found it on level 3 of the Dungeon)

   It inflicts extra damage upon your enemies.
   Str:       It affects your strength (-3).
   rElec:     It insulates you from electricity.
   rN:        It renders you almost immune to negative energy.
   Stlth:     It makes you less stealthy.
 m - a +3 demon blade of draining (weapon)
Armour
 b - a +0 scale mail (worn)
 c - a +0 buckler
 h - the +1 pair of gloves of Quantum Leap (worn) {*Slow rC+ Will+ Regen+}
   (You found it on level 3 of the Dungeon)

   rC:        It protects you from cold.
   Regen:     It increases your rate of health regeneration.
   *Slow:     It may slow you when you take damage.
   Will:      It increases your willpower.
 i - a +0 helmet (worn)
 n - a +0 cloak (worn)
 o - a +1 pair of boots (worn)
 v - a +0 kite shield (worn)
Jewellery
 a - a ring of flight
 e - a +6 ring of strength
 l - an amulet of guardian spirit
 t - an amulet of reflection (around neck)
 u - the ring of Sajywk (left hand) {rF+ SInv}
   (You bought it in a shop on level 2 of the Dungeon)

   [ring of see invisible]

   rF:        It protects you from fire.
   SInv:      It lets you see invisible.
 x - the ring "Uthu Anov" (right hand) {Will+++ MP+9 EV+4}
   (You found it on level 7 of the Dungeon)

   [ring of evasion]

   EV:        It affects your evasion (+4).
   MP:        It affects your magic capacity (+9).
   Will:      It greatly increases your willpower.
 D - a ring of positive energy
Wands
 d - a wand of flame (38)
 z - a wand of iceblast (14)
 C - a wand of paralysis (12)
Scrolls
 f - a scroll of brand weapon {unknown}
 k - 2 scrolls of identify
 A - a scroll of teleportation
 B - a scroll of fog
Potions
 g - 5 potions of curing
 p - 2 potions of flight
 q - a potion of resistance
 r - a potion of cancellation
 s - a potion of heal wounds
 w - a potion of magic {unknown}


   Skills:
 + Level 9.2 Fighting
 + Level 6.3 Short Blades
 + Level 6.3 Long Blades
 + Level 7.9 Axes
 + Level 6.3 Maces & Flails
 + Level 6.3 Polearms
 + Level 6.3 Staves
 + Level 6.3 Ranged Weapons
 + Level 6.3 Throwing
 + Level 9.2 Armour
 + Level 6.3 Dodging
 + Level 6.3 Stealth
 + Level 10.2 Shields
 + Level 6.3 Unarmed Combat
 + Level 6.3 Spellcasting
 + Level 5.2 Conjurations
 + Level 5.2 Hexes
 + Level 5.2 Summonings
 + Level 5.2 Necromancy
 + Level 5.2 Translocations
 + Level 5.2 Transmutations
 + Level 5.2 Fire Magic
 + Level 5.2 Ice Magic
 + Level 5.2 Air Magic
 + Level 5.2 Earth Magic
 + Level 5.2 Poison Magic
 + Level 6.9 Invocations
 + Level 6.3 Evocations


You had 22 spell levels left.
You didn't know any spells.
Your spell library contained the following spells:

 Spells                   Type           Power      Damage    Failure   Level
 Apportation              Tloc           30%        N/A       13%         1
 Necrotise                Necr           60%        1d7       13%         1
 Summon Small Mammal      Summ           60%        N/A       13%         1
 Ignite Poison            Fire/Tmut/Pois 15%        N/A       36%         3
 Mephitic Cloud           Conj/Pois/Air  15%        N/A       36%         3
 Summon Guardian Golem    Hex/Summ       15%        N/A       36%         3
 Freezing Cloud           Conj/Ice/Air   7%         6-21      98%         5
 Orb of Destruction       Conj           7%         9d6       100%        7
 Spellforged Servitor     Conj/Summ      7%         N/A       100%        7
 Chain Lightning          Conj/Air       7%         3d10      100%        9
 Fire Storm               Conj/Fire      7%         8d2       100%        9
 Shatter                  Erth           7%         3d10*     100%        9


Dungeon Overview and Level Annotations

Branches:
Dungeon (10/15)            Temple (1/1) D:7            Lair (0/5) D:8
    Orc: D:9-12

Altars:
Ashenzari
Cheibriados
Dithmenos
Elyvilon
Fedhas
Gozag
Hepliaklqana
Kikubaaqudgha
Makhleb
Nemelex Xobeh
Okawaru
Qazlal
Ru
Sif Muna
Trog
Uskayaw
Vehumet
Wu Jian
Xom
Yredelemnul
Zin
The Shining One

Shops:
D:1 *   D:2 =

Annotations:
D:10 Lodul


Innate Abilities, Weirdness & Mutations

You have very sharp teeth.
Your uncanny sense of smell can sniff out nearby items.
Your experience applies equally to all skills.


Message History

Items here: $ ))).
You barely miss the ogre.
The ogre is no longer distracted by gold.
The ogre shouts!
The ogre is moderately wounded.
The ogre shouts!
The ogre is no longer distracted by gold.
The ogre barely misses you. The ogre closely misses you.
The ogre attacks as you move away! You block the ogre's attack.
The ogre is distracted by your dazzling golden aura.
The ogre is distracted by your dazzling golden aura.
The ogre is no longer distracted by gold.
The ogre shouts!
You slash the ogre! You drain the ogre.
You kill the ogre!
The ogre is no longer distracted by gold.
The ogre is distracted by your dazzling golden aura.
Lodul jingles a heavy purse and winks.
Lodul zaps a wand.
The bolt of light misses you.
Items here: $ )))).
The ogre shouts!
You slash the ogre!
The ogre is no longer distracted by gold.
The ogre is severely wounded.
You block Lodul's attack. The ogre closely misses you.
You slash the ogre!
You kill the ogre!
Lodul hits you with a +0 dire flail!!
You hit Lodul.
Lodul is lightly wounded.
Lodul zaps a wand.
The bolt of light hits you!
* * * LOW HITPOINT WARNING * * *
Unknown command.
Blink to where?
Press: ? - help, Dir - move target
As you read the scroll of blinking, it crumbles to dust.
Electricity crackles from Lodul's apparatus.
The bolt of lightning hits you!!
You die...
Your body crumbles into a pile of gold.

...# #..##.#
#.##...##... ...#
#..##.# #.
#.##...##... ...#
#..##.#
#.######.##...##...
...# #.....#
#.....<..##...# ...
...# #.....#
#.............# ...
##.# #.###.#
#.........[...##...
#.# #.# #.#
#..####..##........
#.###.# #.# #..#
#..##........
#.....# #.####.@#
#..##........
#..##.# #$ยง.....#
#..##........
#..##.# #O###...#
#..##........
#..##.###.# #...#
#..##........
#..##.....#
#...####..##........
#..##.....#
#.........##........
#..##.$...#
#.........##........
....##.$#..#
#.........##........
. #..#..#
#.........##........


You could see Lodul.

Vanquished Creatures
  A two-headed ogre (D:10)
  A deep elf pyromancer (D:9)
  The ghost of zeram the Chopper, a novice HOFi of Gozag (D:5)
  Maurice (D:8)
  A kobold demonologist (D:10)
  A troll (D:10)
  A wyvern (D:5)
  4 yaks (D:8)
  4 steam dragons
  An acid dragon (D:9)
  A water moccasin (D:5)
  2 orc warriors
  A sky beast (D:7)
  4 black bears
  10 ogres
  4 centaurs
  2 phantoms (D:4)
  4 kobold brigands
  2 bullfrogs (D:7)
  2 scorpions (D:4)
  4 necrophages
  6 wights (D:8)
  5 howler monkeys
  3 quasits (D:5)
  3 hounds
  2 jellies
  6 orc priests
  2 gnoll boudas (D:7)
  Jessica (D:2)
  An iguana (D:5)
  9 orc wizards
  12 gnolls
  14 adders
  2 shadow imps (D:4)
  5 white imps
  An ufetubus (D:4)
  A worm (D:2)
  2 dart slugs
  43 orcs
  10 bats
  9 endoplasms
  3 giant cockroaches
  7 goblins
  12 hobgoblins
  4 jackals (D:1)
  4 quokkas
  6 ball pythons
  A frilled lizard (D:3)
  29 kobolds
  6 rats
261 creatures vanquished.

Vanquished Creatures (others)
  An orc wizard (D:10)
  4 demonic plants (D:4)
  12 plants (D:3)
17 creatures vanquished.

Grand Total: 278 creatures vanquished

Notes
Turn   | Place    | Note
-------+----------+-------------------------------------------
     0 | D:1      | zeram the Gnoll Fighter began the quest for the Orb.
     0 | D:1      | Reached XP level 1. HP: 23/23 MP: 1/1
    35 | D:1      | Found Fomylagh's General Store.
    89 | D:1      | Reached XP level 2. HP: 28/29 MP: 2/2
   336 | D:1      | Reached XP level 3. HP: 35/35 MP: 3/3
   558 | D:1      | Reached skill level 1 in Invocations
  1015 | D:2      | Reached skill level 1 in Short Blades
  1015 | D:2      | Reached skill level 1 in Long Blades
  1015 | D:2      | Reached skill level 1 in Maces & Flails
  1015 | D:2      | Reached skill level 1 in Polearms
  1015 | D:2      | Reached skill level 1 in Staves
  1015 | D:2      | Reached skill level 1 in Ranged Weapons
  1015 | D:2      | Reached skill level 1 in Throwing
  1015 | D:2      | Reached skill level 1 in Dodging
  1015 | D:2      | Reached skill level 1 in Stealth
  1015 | D:2      | Reached skill level 1 in Unarmed Combat
  1015 | D:2      | Reached skill level 1 in Spellcasting
  1015 | D:2      | Reached skill level 1 in Evocations
  1230 | D:2      | Reached XP level 4. HP: 40/41 MP: 5/5
  1291 | D:2      | Noticed Jessica
  1299 | D:2      | Killed Jessica
  1300 | D:2      | Reached skill level 1 in Conjurations
  1300 | D:2      | Reached skill level 1 in Hexes
  1300 | D:2      | Reached skill level 1 in Summonings
  1300 | D:2      | Reached skill level 1 in Necromancy
  1300 | D:2      | Reached skill level 1 in Translocations
  1300 | D:2      | Reached skill level 1 in Transmutations
  1300 | D:2      | Reached skill level 1 in Fire Magic
  1300 | D:2      | Reached skill level 1 in Ice Magic
  1300 | D:2      | Reached skill level 1 in Air Magic
  1300 | D:2      | Reached skill level 1 in Earth Magic
  1300 | D:2      | Reached skill level 1 in Poison Magic
  1327 | D:2      | Found Vuadun's Jewellery Boutique.
  1829 | D:3      | Reached XP level 5. HP: 46/47 MP: 7/7
  1974 | D:3      | Identified the +2 rapier of Action {vorpal, rElec rN+++
                  | Str-3 Stlth-}
  2064 | D:3      | Found a faded altar of an unknown god.
  2231 | D:3      | Found an opulent altar of Gozag.
  2389 | D:3      | Identified the +1 pair of gloves of Quantum Leap {*Slow rC+
                  | Will+ Regen+}
  2507 | D:3      | Reached XP level 6. HP: 27/53 MP: 8/8
  2944 | D:4      | Reached skill level 5 in Axes
  3320 | D:4      | Reached skill level 7 in Shields
  3320 | D:4      | Reached XP level 7. HP: 60/60 MP: 10/10
  3520 | D:4      | Found a broken altar of Ashenzari.
  3553 | D:4      | Reached XP level 8. HP: 35/67 MP: 12/12
  3872 | D:5      | Entered Level 5 of the Dungeon
  3885 | D:5      | Found a shimmering altar of Xom.
  4036 | D:5      | Noticed zeram's ghost (novice HOFi)
  4042 | D:5      | Found a transporter.
  4088 | D:5      | Found a transporter.
  4128 | D:5      | Noticed a wyvern
  4135 | D:5      | Killed a wyvern
  4233 | D:5      | Reached XP level 9. HP: 57/73 MP: 14/14
  4500 | D:5      | Killed zeram's ghost
  4638 | D:3      | Became a worshipper of Gozag Ym Sagoz the Greedy
  4699 | D:6      | Reached skill level 8 in Shields
  4841 | D:6      | Found an iron altar of Okawaru.
  5095 | D:6      | Reached skill level 5 in Invocations
  5505 | D:6      | Identified a scroll of acquirement
  5506 | D:6      | Acquired a +2 demon blade of draining
  6211 | D:7      | Found a staircase to the Ecumenical Temple.
  6302 | Temple   | Entered the Ecumenical Temple
  6436 | D:8      | Reached skill level 5 in Short Blades
  6436 | D:8      | Reached skill level 5 in Long Blades
  6436 | D:8      | Reached skill level 5 in Maces & Flails
  6436 | D:8      | Reached skill level 5 in Polearms
  6436 | D:8      | Reached skill level 5 in Staves
  6436 | D:8      | Reached skill level 5 in Ranged Weapons
  6436 | D:8      | Reached skill level 5 in Throwing
  6436 | D:8      | Reached skill level 5 in Dodging
  6436 | D:8      | Reached skill level 5 in Stealth
  6436 | D:8      | Reached skill level 5 in Unarmed Combat
  6436 | D:8      | Reached skill level 5 in Spellcasting
  6436 | D:8      | Reached skill level 5 in Evocations
  6436 | D:8      | Reached XP level 10. HP: 64/81 MP: 17/17
  6448 | D:8      | Noticed Maurice
  6464 | D:8      | Killed Maurice
  6535 | D:7      | Reached skill level 9 in Shields
  6604 | D:7      | Identified the ring "Uthu Anov" {Will+++ MP+9 EV+4}
  7322 | D:8      | Found a radiant altar of Vehumet.
  7448 | D:8      | Found a staircase to the Lair.
  7655 | D:9      | Found a blossoming altar of Fedhas.
  7788 | D:9      | Found a basalt altar of Yredelemnul.
  8075 | D:9      | Found a white marble altar of Elyvilon.
  8082 | D:9      | Found a shadowy altar of Dithmenos.
  8133 | D:10     | Entered Level 10 of the Dungeon
  8133 | D:10     | Noticed a deep elf pyromancer
  8154 | D:9      | Killed a deep elf pyromancer
  8184 | D:10     | Noticed Lodul
  8409 | D:2      | Bought an amulet of reflection for 330 gold pieces
  8414 | D:2      | Bought the ring of Sajywk {rF+ SInv} for 319 gold pieces
  8733 | D:10     | Noticed a two-headed ogre
  8747 | D:10     | Killed a two-headed ogre
  8808 | D:10     | Reached skill level 5 in Conjurations
  8808 | D:10     | Reached skill level 5 in Hexes
  8808 | D:10     | Reached skill level 5 in Summonings
  8808 | D:10     | Reached skill level 5 in Necromancy
  8808 | D:10     | Reached skill level 5 in Translocations
  8808 | D:10     | Reached skill level 5 in Transmutations
  8808 | D:10     | Reached skill level 5 in Fire Magic
  8808 | D:10     | Reached skill level 5 in Ice Magic
  8808 | D:10     | Reached skill level 5 in Air Magic
  8808 | D:10     | Reached skill level 5 in Earth Magic
  8808 | D:10     | Reached skill level 5 in Poison Magic
  8808 | D:10     | Reached XP level 11. HP: 89/89 MP: 20/20
  8842 | D:10     | Reached skill level 10 in Shields
  9362 | D:10     | Killed from afar by Lodul

Illustrated notes

Levels and vault maps discovered:
D:1:      minmay_arrival_loop, layout_loops_cross, serial_shops, shop,
          minmay_indecisive_spiral
D:2:      layout_loops_cross, serial_shops, nicolae_shop_trees, uniq_jessica
D:3:      layout_rooms, mainiacjoe_overflow_boulevard, serial_bayou,
          serial_bayou_lagoon_a, serial_bayou_lagoon_b, serial_bayou_pond_b,
          serial_bayou_lake_a, basic_ecumenical_altar,
          hangedman_abyss_or_decor_stabs, chequers_serial_rivers_large_b
D:4:      layout_cave_pools, mainiacjoe_overflow_surrounded_room,
          serial_demonic, serial_demonic_g, serial_demonic_a, serial_demonic_f,
          serial_demonic_c
D:5:      layout_basic, mainiacjoe_overflow_paths, gammafunk_ghost_stat_death
D:6:      layout_loops_ring, mainiacjoe_overflow_brackets, minivault_22,
          minmay_misc_feat_secret_circle, nicolae_zen_rock_garden,
          minmay_manual_mares
D:7:      layout_basic, temple_hall, kennysheep_windowed_goal
D:8:      layout_rooms, lemuel_round_altar, lair_entry_dummy, uniq_maurice
D:9:      layout_roguey, nicolae_overflow_hidden_temple, marbit_many_paths,
          amethyst_overflow_temple_binary, nicolae_fountain_basement
D:10:     layout_long_grid, serial_rivers, chequers_serial_rivers_small_3,
          chequers_serial_rivers_small_b, chequers_serial_rivers_small_b,
          chequers_serial_rivers_room_b, uniq_lodul
Temple:   cyrus_circular_temple

Skill      XL: |  1  2  3  4  5  6  7  8  9 10 11 |
---------------+----------------------------------+-----
Invocations    | 1 2 3 4 5 6 |  6.9
Short Blades   | 1 2 3 5 6 |  6.3
Long Blades    | 1 2 3 5 6 |  6.3
Maces & Flails | 1 2 3 5 6 |  6.3
Polearms       | 1 2 3 5 6 |  6.3
Staves         | 1 2 3 5 6 |  6.3
Ranged Weapons | 1 2 3 5 6 |  6.3
Throwing       | 1 2 3 5 6 |  6.3
Dodging        | 1 2 3 5 6 |  6.3
Stealth        | 1 2 3 5 6 |  6.3
Unarmed Combat | 1 2 3 5 6 |  6.3
Spellcasting   | 1 2 3 5 6 |  6.3
Evocations     | 1 2 3 5 6 |  6.3
Conjurations   | 1 2 3 4 5 |  5.2
Hexes          | 1 2 3 4 5 |  5.2
Summonings     | 1 2 3 4 5 |  5.2
Necromancy     | 1 2 3 4 5 |  5.2
Translocations | 1 2 3 4 5 |  5.2
Transmutations | 1 2 3 4 5 |  5.2
Fire Magic     | 1 2 3 4 5 |  5.2
Ice Magic      | 1 2 3 4 5 |  5.2
Air Magic      | 1 2 3 4 5 |  5.2
Earth Magic    | 1 2 3 4 5 |  5.2
Poison Magic   | 1 2 3 4 5 |  5.2
Axes           | 5 6 7 |  7.9
Fighting       | 7 8 9 |  9.2
Armour         | 7 8 9 |  9.2
Shields        | 7 8 9 10 | 10.2

Action                   |  1- 3 |  4- 6 |  7- 9 | 10-12 || total
-------------------------+-------+-------+-------+-------++-------
Melee: War axe           |   114 |   126 |       |       ||   240
       Bite              |     8 |    13 |    47 |    34 ||   102
       Rapier            |       |    87 |   299 |       ||   386
       Demon blade       |       |       |   126 |   255 ||   381
  Use: Scroll            |     4 |     7 |     8 |     4 ||    23
       Potion            |       |     2 |     3 |     2 ||     7
 Stab: Distracted        |       |       |     1 |     2 ||     3
       Sleeping          |       |       |       |     2 ||     2
Armor: Scale mail        |    73 |   116 |   243 |    78 ||   510
Dodge: Dodged            |    56 |   128 |   253 |   162 ||   599
Block: Buckler           |    49 |    74 |   149 |    44 ||   316
       Kite shield       |       |       |       |    80 ||    80
       Reflection        |       |       |       |     4 ||     4
